 Dungeon Crawl Stone Soup version 0.18-a0-1628-g61c6396 (webtiles) character file.

577 Oddball22 the Skirmisher (level 7, -8/38 HPs)
             Began as a Vine Stalker Artificer on Mar 25, 2016.
             Was a Follower of Pakellas.
             Mangled by Eptagon's ghost (15 damage)
             ... on level 5 of the Dungeon.
             The game lasted 00:10:18 (3856 turns).

Oddball22 the Skirmisher (Vine Stalker Artificer)   Turns: 3856, Time: 00:10:18

Health: -8/38      AC:  3    Str: 13    XL:     7   Next: 35%
Magic:  0/11       EV:  8    Int: 15    God:    Pakellas [*.....]
Gold:   159        SH:  0    Dex: 17    Spells: 0 memorised, 9 levels left

rFire  + . .     SeeInvis .     x - +2 hand axe (chop)
rCold  x . .     Gourm    .     b - +0 leather armour
rNeg   . . .     Faith    .     (no shield)
rPois  .         Spirit   +     (no helmet)
rElec  .         Dismiss  .     (no cloak)
rCorr  .         Reflect  .     (no gloves)
SustAt .         Harm     .     (no boots)
MR     .....                    (no amulet)
Stlth  ++........               n - +3 ring of intelligence
                                i - ring of fire

@: not resistant to hostile enchantments, unstealthy
A: fangs 2, regeneration 2, magic shield, antimagic bite, no device heal 3, rot
immunity
a: Quick Charge, Renounce Religion


You were on level 5 of the Dungeon.
You worshipped Pakellas.
Pakellas was aware of your devotion.
You were not hungry.

You visited 1 branch of the dungeon, and saw 5 of its levels.

You collected 159 gold pieces.

Inventory:

Hand Weapons
 x - a +2 hand axe of chopping (weapon)
 z - a +0 blowgun
Missiles
 p - 29 bolts
 A - 22 poisoned needles
Armour
 b - a +0 leather armour (worn)
 B - a +0 buckler
Jewellery
 i - a ring of fire (left hand)
 n - a +3 ring of intelligence (right hand)
Wands
 c - a wand of flame (3/48)
 d - a wand of enslavement (15/24)
 e - a wand of random effects (11/48)
Scrolls
 a - a scroll of remove curse
 h - a scroll of fog {unknown}
 j - a scroll of magic mapping {unknown}
 k - 2 scrolls of amnesia {unknown}
 l - 2 scrolls of immolation {unknown}
 o - 7 scrolls of identify
 r - a scroll of random uselessness {unknown}
 u - a scroll of teleportation {unknown}
 y - 2 scrolls of enchant weapon {unknown}
Potions
 m - 3 potions of heal wounds {unknown}
 s - a potion of beneficial mutation {unknown}
 t - a potion of lignification {unknown}
 w - a potion of cancellation {unknown}
 C - a potion of resistance {unknown}
 D - a potion of curing {unknown}
Comestibles
 f - 2 bread rations
 q - a beef jerky
 v - 2 meat rations


   Skills:
 * Level 4.8 Fighting
   Level 0.8 Short Blades
 + Level 3.4 Dodging
 - Level 1.2 Stealth
 + Level 1.7 Spellcasting
 + Level 4.0 Evocations


You had 9 spell levels left.
You didn't know any spells.

Dungeon Overview and Level Annotations

Branches:
Dungeon (5/15)             Temple (0/1) D:4

Altars:
Elyvilon
Kikubaaqudgha
Pakellas
The Shining One

Annotations:
D:5 Eptagon's ghost, novice OpMo


Innate Abilities, Weirdness & Mutations

You have extremely sharp teeth.
You heal very quickly.
When hurt, damage is shared between your health and your magic reserves.
Your bite disrupts and absorbs the magic of your enemies.
Potions and wands cannot restore your health.
You are immune to rotting.


Message History

Deactivating autopickup; reactivate with Ctrl-A.
This wand has 11 charges left.
Something hits you.
You hit something. You bite something. You drain its power.
You feel invigorated. Something hits you.
You miss something. Something hits you.
You hit something. Your bite misses something. Something hits you!
You hit something. Something hits you but does no damage. Something hits you.
You miss something. You bite something! You drain its power.
You feel invigorated. Something hits you.
You closely miss something. Something hits you!
You hit something. You bite something. You drain its power.
You feel invigorated. Something hits you.
* * * LOW HITPOINT WARNING * * *
Something hits you!
* * * LOW HITPOINT WARNING * * *
There is an open door here.
There is a stone staircase leading up here.
Something hits you!
You die...
Pakellas says: Back to the drawing board!

#.......# #.......#
#.......# #.#
#)......# #.#
#..)....# #.#
#.......# #Y#
#.......# # #.#
####.......# #. #.#
#@.Y.......#
#.##.#.##########'###
#.............Y.(.#
#####..############
#..# #..># #.%.W.
#...... #......


You could see an ice beast.

Vanquished Creatures
  An ogre (D:4)
  3 hounds (D:4)
  A gnoll shaman (D:4)
  2 orc wizards
  A worker ant (D:4)
  A hound zombie (D:3)
  A hound skeleton (D:3)
  9 gnolls
  4 adders
  An ooze (D:2)
  3 adder skeletons
  2 worms
  5 dart slugs
  6 giant geckos
  15 orcs
  2 ball pythons
  6 giant cockroaches
  11 hobgoblins
  5 jackals
  2 quokkas
  10 bats
  A giant newt (D:2)
  10 goblins
  A jackal skeleton (D:3)
  8 kobolds
  5 rats
116 creatures vanquished.

Notes
Turn   | Place    | Note
--------------------------------------------------------------
     0 | D:1      | Oddball22 the Vine Stalker Artificer began the quest for the Orb.
     0 | D:1      | Reached XP level 1. HP: 9/9 MP: 3/3
    22 | D:1      | Reached skill level 1 in Fighting
   156 | D:1      | Reached XP level 2. HP: 14/14 MP: 5/5
   509 | D:1      | Reached XP level 3. HP: 18/18 MP: 4/6
   822 | D:2      | Found a glowing golden altar of the Shining One.
   916 | D:2      | Reached XP level 4. HP: 23/23 MP: 7/7
  1536 | D:3      | Reached XP level 5. HP: 6/28 MP: 4/8
  1944 | D:3      | HP: 1/28 [gnoll (4)]
  2047 | D:3      | Gained mutation: You heal very quickly. [Vine Stalker growth]
  2047 | D:3      | Reached XP level 6. HP: 5/33 MP: 1/9
  2157 | D:3      | Found a faded altar to an unknown god.
  2551 | D:3      | Found an oddly glowing altar of Pakellas.
  2556 | D:3      | Became a worshipper of Pakellas the Inventive
  2755 | D:4      | Found a staircase to the Ecumenical Temple.
  2806 | D:4      | Reached skill level 1 in Spellcasting
  2902 | D:4      | Reached XP level 7. HP: 10/38 MP: 3/10
  3001 | D:4      | Reached * piety under Pakellas
  3239 | D:4      | Found a white marble altar of Elyvilon.
  3245 | D:4      | Found an ancient bone altar of Kikubaaqudgha.
  3775 | D:5      | Entered Level 5 of the Dungeon
  3827 | D:5      | Noticed Eptagon's ghost (novice OpMo)
  3856 | D:5      | Mangled by Eptagon's ghost

Vault maps used:
D:1:      roderic_crossed_star
D:2:      tso_metal_star
D:3:      marbit_many_paths, serial_undead, serial_undead_d, serial_undead_c,
          serial_undead_c, serial_undead_a, ecumenical_altar_2, first_bread
D:4:      grunt_temple_overflow_open, minmay_temple_entry_poolview,
          enter_ossuary_2

Skill      XL: |  1  2  3  4  5  6  7 |
---------------+----------------------+-----
Fighting       | 1 2 3 4 |  4.8
Dodging        | 2 3 |  3.4
Evocations     | 3 4 |  4.0
Spellcasting   | 1 |  1.7
Short Blades   | |  0.8
Stealth        | |  1.2

Action                   |  1- 3 |  4- 6 |  7- 9 || total
-------------------------+-------+-------+-------++-------
Melee: Short sword       |    95 |   110 |       ||   205
       Hand axe          |       |   160 |    57 ||   217
 Fire: Blowgun           |       |    12 |       ||    12
Evoke: Wand              |       |    12 |     4 ||    16
  Use: Scroll            |       |     2 |       ||     2
 Stab: Sleeping          |     5 |     4 |       ||     9
       Distracted        |       |     1 |       ||     1
  Eat: Chunk             |       |     7 |     3 ||    10
